TOP OF THE 1ST |
Chicago White Sox batting - Pitching for Houston Astros : RHP Kodai Senga
|
Pitching: RHP Kodai Senga
|
|
Batting: RHB Bobby Witt Jr.
|
0-0: Foul Ball, location: 5F 0-1: Ball 1-1: Hit by Pitch
|
Batting: RHB Miguel Vargas
|
0-0: Ball 1-0: Ball 2-0: Ball 3-0: Called Strike 3-1: Called Strike 3-2: SINGLE (Line Drive, 6M, EV 96.3 MPH) Bobby Witt Jr. to second Bobby Witt Jr. to third
|
Batting: LHB Matt Olson
|
0-0: Fly out, F8 (Flyball, 8RXD, EV 89.4 MPH) Runner from 3rd tags up, SCORES, no throw by CF
|
Batting: RHB Julio Rodriguez
|
0-0: SINGLE (Line Drive, 9S, EV 90.6 MPH) Miguel Vargas to second Runner from 2nd tries for 3rd, SAFE, no throw by RF
|
Batting: LHB Gunnar Henderson
|
0-0: Foul Ball, location: 9LMF 0-1: Ball 1-1: Foul Ball, location: 7LMF 1-2: Ball 2-2: Strikes out swinging
|
Batting: LHB MJ Melendez
|
0-0: Ball 1-0: Foul Ball, location: 25F 1-1: Swinging Strike 1-2: Strikes out swinging
|
Top of the 1st over - 1 run, 2 hits, 0 errors, 2 left on base; Chicago 1 - Houston 0 |
BOTTOM OF THE 1ST |
Houston Astros batting - Pitching for Chicago White Sox : RHP Hunter Greene
|
Pitching: RHP Hunter Greene
|
|
Batting: RHB Tim Anderson
|
0-0: Ball 1-0: Swinging Strike 1-1: Ball 2-1: Fly out, F8 (Line Drive, 89M, EV 93.8 MPH)
|
Batting: LHB Max Kepler
|
0-0: Ball 1-0: Called Strike 1-1: Foul Ball, location: 3F 1-2: Ball 2-2: Ball 3-2: Strikes out swinging
|
Batting: LHB Jesse Winker
|
0-0: Fly out, F8 (Flyball, 8RD, EV 105.0 MPH)
|
Bottom of the 1st over - 0 runs, 0 hits, 0 errors, 0 left on base; Chicago 1 - Houston 0 |
TOP OF THE 2ND |
Chicago White Sox batting - Pitching for Houston Astros : RHP Kodai Senga
|
Batting: RHB Nick Allen
|
0-0: Foul Ball, location: 23F 0-1: Foul Ball, location: 7LDF 0-2: Strikes out swinging
|
Batting: LHB Jack Suwinski
|
0-0: Ball 1-0: Swinging Strike 1-1: Foul Ball, location: 25F 1-2: Fly out, F9 (Line Drive, 9LS, EV 94.4 MPH)
|
Batting: RHB Chris Taylor
|
0-0: SINGLE (Line Drive, 7S, EV 106.3 MPH)
|
Batting: RHB Bobby Witt Jr.
|
0-0: Ball 1-0: Called Strike 1-1: Foul Ball, location: 2F 1-2: SINGLE (Line Drive, 8LS, EV 93.1 MPH) Chris Taylor to second Runner from 2nd tries for 3rd, SAFE, throw by CF made to third
|
Batting: RHB Miguel Vargas
|
0-0: Ball 1-0: Ball 2-0: Ball 3-0: Called Strike 3-1: Foul Ball, location: 9LSF 3-2: Ground out 6-3 (Groundball, 6, EV 86.9 MPH)
|
Top of the 2nd over - 0 runs, 2 hits, 0 errors, 2 left on base; Chicago 1 - Houston 0 |
BOTTOM OF THE 2ND |
Houston Astros batting - Pitching for Chicago White Sox : RHP Hunter Greene
|
Batting: RHB Salvador Perez
|
0-0: Swinging Strike 0-1: Swinging Strike 0-2: Ball 1-2: Foul Ball, location: 2F 1-2: Foul Ball, location: 5F 1-2: Strikes out looking
|
Batting: LHB Oneil Cruz
|
0-0: Swinging Strike 0-1: Ball 1-1: Swinging Strike 1-2: Strikes out looking
|
Batting: RHB Thairo Estrada
|
0-0: Ball 1-0: Ball 2-0: Swinging Strike 2-1: Ground out 2-3 (Groundball, 2L, EV 65.6 MPH)
|
Bottom of the 2nd over - 0 runs, 0 hits, 0 errors, 0 left on base; Chicago 1 - Houston 0 |
TOP OF THE 3RD |
Chicago White Sox batting - Pitching for Houston Astros : RHP Kodai Senga
|
Batting: LHB Matt Olson
|
0-0: Ball 1-0: Foul Ball, location: 25F 1-1: Swinging Strike 1-2: Foul Ball, location: 7LMF 1-2: SOLO HOME RUN (Flyball, 8LXD, EV 111.3 MPH), Distance : 437 ft
|
Batting: RHB Julio Rodriguez
|
0-0: Ball 1-0: Foul Ball, location: 9LMF 1-1: Called Strike 1-2: Strikes out swinging
|
Batting: LHB Gunnar Henderson
|
0-0: Ball 1-0: Foul Ball, location: 3F 1-1: Foul Ball, location: 25F 1-2: Fly out, F9 (Line Drive, 9, EV 109.4 MPH)
|
Batting: LHB MJ Melendez
|
0-0: Ball 1-0: Called Strike 1-1: Ball 2-1: Ball 3-1: Called Strike 3-2: Strikes out swinging
|
Top of the 3rd over - 1 run, 1 hit, 0 errors, 0 left on base; Chicago 2 - Houston 0 |
BOTTOM OF THE 3RD |
Houston Astros batting - Pitching for Chicago White Sox : RHP Hunter Greene
|
Batting: RHB Darin Ruf
|
0-0: Foul Ball, location: 2F 0-1: Swinging Strike 0-2: Foul Ball, location: 2F 0-2: Ball 1-2: Strikes out swinging
|
Batting: RHB Esteury Ruiz
|
0-0: Ball 1-0: Ball 2-0: Swinging Strike 2-1: Ball 3-1: Fly out, F8 (Line Drive, 8RM, EV 100.6 MPH)
|
Batting: LHB Daniel Vogelbach
|
0-0: Ball 1-0: Ball 2-0: Ball 3-0: Called Strike 3-1: Called Strike 3-2: Strikes out looking
|
Bottom of the 3rd over - 0 runs, 0 hits, 0 errors, 0 left on base; Chicago 2 - Houston 0 |
TOP OF THE 4TH |
Chicago White Sox batting - Pitching for Houston Astros : RHP Kodai Senga
|
Batting: RHB Nick Allen
|
0-0: Ball 1-0: Foul Ball, location: 25F 1-1: Swinging Strike 1-2: Strikes out looking
|
Batting: LHB Jack Suwinski
|
0-0: Ball 1-0: Called Strike 1-1: Ball 2-1: Ground out 3-1 (Groundball, 34S, EV 74.4 MPH)
|
Batting: RHB Chris Taylor
|
0-0: Called Strike 0-1: Foul Ball, location: 2F 0-2: Strikes out swinging
|
Top of the 4th over - 0 runs, 0 hits, 0 errors, 0 left on base; Chicago 2 - Houston 0 |
BOTTOM OF THE 4TH |
Houston Astros batting - Pitching for Chicago White Sox : RHP Hunter Greene
|
Batting: RHB Tim Anderson
|
0-0: Ball 1-0: Ground out 6-3 (Groundball, 6, EV 89.4 MPH)
|
Batting: LHB Max Kepler
|
0-0: Fly out, F8 (Flyball, 8LXD, EV 104.4 MPH)
|
Batting: LHB Jesse Winker
|
0-0: Ball 1-0: Foul Ball, location: 9LSF 1-1: Ball 2-1: SINGLE (Line Drive, 56D, EV 104.4 MPH)
|
Batting: RHB Salvador Perez
|
0-0: Swinging Strike 0-1: Called Strike 0-2: Foul Ball, location: 2F 0-2: Ball 1-2: Fly out, F8 (Flyball, 78S, EV 93.1 MPH)
|
Bottom of the 4th over - 0 runs, 1 hit, 0 errors, 1 left on base; Chicago 2 - Houston 0 |
TOP OF THE 5TH |
Chicago White Sox batting - Pitching for Houston Astros : RHP Kodai Senga
|
Batting: RHB Bobby Witt Jr.
|
0-0: Called Strike 0-1: Ball 1-1: Foul Ball, location: 5F 1-2: Ball 2-2: SINGLE (Line Drive, 5D, EV 96.9 MPH)
|
Batting: RHB Miguel Vargas
|
0-0: Ball 1-0: Fly out, F7 (Flyball, 7S, EV 88.8 MPH)
|
Batting: LHB Matt Olson
|
0-0: Fly out, F8 (Flyball, 8LM, EV 88.1 MPH)
|
Batting: RHB Julio Rodriguez
|
0-0: Foul Ball, location: 7LSF 0-1: Ball 1-1: Foul Ball, location: 2F 1-2: Ball 2-2: Foul Ball, location: 3F 2-2: Foul Ball, location: 2F 2-2: Ball 3-2: Strikes out looking
|
Top of the 5th over - 0 runs, 1 hit, 0 errors, 1 left on base; Chicago 2 - Houston 0 |
BOTTOM OF THE 5TH |
Houston Astros batting - Pitching for Chicago White Sox : RHP Hunter Greene
|
Batting: LHB Oneil Cruz
|
0-0: Called Strike 0-1: Swinging Strike 0-2: Strikes out swinging
|
Batting: RHB Thairo Estrada
|
0-0: Called Strike 0-1: Ball 1-1: Foul Ball, location: 2F 1-2: Strikes out swinging
|
Batting: RHB Darin Ruf
|
0-0: Ball 1-0: Ball 2-0: Called Strike 2-1: Swinging Strike 2-2: Strikes out swinging
|
Bottom of the 5th over - 0 runs, 0 hits, 0 errors, 0 left on base; Chicago 2 - Houston 0 |
TOP OF THE 6TH |
Chicago White Sox batting - Pitching for Houston Astros : RHP Kodai Senga
|
Batting: LHB Gunnar Henderson
|
0-0: Ball 1-0: Ball 2-0: Foul Ball, location: 7LDF 2-1: Fly out, F8 (Flyball, 89M, EV 97.5 MPH)
|
Pitching: RHP Robert Stephenson
|
|
Batting: LHB MJ Melendez
|
0-0: Ground out 6-3 (Groundball, 6, EV 81.3 MPH)
|
Batting: RHB Nick Allen
|
0-0: Ground out 1-3 (Groundball, 34S, EV 70.0 MPH)
|
Top of the 6th over - 0 runs, 0 hits, 0 errors, 0 left on base; Chicago 2 - Houston 0 |
BOTTOM OF THE 6TH |
Houston Astros batting - Pitching for Chicago White Sox : RHP Hunter Greene
|
Batting: RHB Esteury Ruiz
|
0-0: Ball 1-0: Ball 2-0: Fly out, F8 (Flyball, 8LM, EV 95.6 MPH)
|
Batting: LHB Daniel Vogelbach
|
0-0: Swinging Strike 0-1: Foul Ball, location: 2F 0-2: Ball 1-2: Ball 2-2: Ball 3-2: Ground out 6-3 (Groundball, 6S, EV 81.9 MPH)
|
Batting: RHB Tim Anderson
|
0-0: Ground out 6-3 (Groundball, 56, EV 100.0 MPH)
|
Bottom of the 6th over - 0 runs, 0 hits, 0 errors, 0 left on base; Chicago 2 - Houston 0 |
TOP OF THE 7TH |
Chicago White Sox batting - Pitching for Houston Astros : RHP Robert Stephenson
|
Batting: LHB Jack Suwinski
|
0-0: Called Strike 0-1: Called Strike 0-2: Ball 1-2: SINGLE (Line Drive, 6M, EV 96.9 MPH)
|
Batting: RHB Chris Taylor
|
0-0: Foul Ball, location: 9LDF 0-1: Swinging Strike 0-2: Foul Ball, location: 25F 0-2: Foul Ball, location: 5F 0-2: Foul Ball, location: 5F 0-2: Ball 1-2: Strikes out swinging
|
Batting: RHB Bobby Witt Jr.
|
0-0: Called Strike 0-1: Called Strike 0-2: Ball 1-2: Ball 2-2: Strikes out looking
|
Batting: RHB Miguel Vargas
|
0-0: Called Strike 0-1: Swinging Strike 0-2: Foul Ball, location: 2F 0-2: Ball 1-2: Ball 2-2: Foul Ball, location: 9LDF 2-2: Strikes out swinging
|
Top of the 7th over - 0 runs, 1 hit, 0 errors, 1 left on base; Chicago 2 - Houston 0 |
BOTTOM OF THE 7TH |
Houston Astros batting - Pitching for Chicago White Sox : RHP Hunter Greene
|
Pitching: LHP Hoby Milner
|
|
Pinch Hitting: RHB Carlos Perez
|
0-0: Ground out 4-3 (Groundball, 4MD, EV 99.4 MPH)
|
Pinch Hitting: RHB Tyler Hill
|
0-0: Foul Ball, location: 23F 0-1: Ball 1-1: SINGLE (Groundball, 6MD, EV 100.0 MPH)
|
Batting: RHB Salvador Perez
|
0-0: Called Strike 0-1: Ball 1-1: Ball 2-1: Swinging Strike 2-2: Foul Ball, location: 9LMF 2-2: Fly out, F9 (Flyball, 9LM, EV 82.5 MPH)
|
Pinch Hitting: RHB Trey Mancini
|
0-0: Ball 1-0: Foul Ball, location: 2F 1-1: Ball 2-1: Fly out, F8 (Flyball, 78S, EV 76.9 MPH)
|
Bottom of the 7th over - 0 runs, 1 hit, 0 errors, 1 left on base; Chicago 2 - Houston 0 |
TOP OF THE 8TH |
Chicago White Sox batting - Pitching for Houston Astros : RHP Robert Stephenson
|
Pitching: RHP Tommy Kahnle
|
|
Now at 2B: Josh Harrison
|
|
Now at 3B: Thairo Estrada
|
|
Now in LF: Trey Mancini
|
|
Now in RF: Tyler Hill
|
|
Batting: LHB Matt Olson
|
0-0: Called Strike 0-1: Ball 1-1: Ball 2-1: Ball 3-1: Foul Ball, location: 9LMF 3-2: Base on Balls
|
Batting: RHB Julio Rodriguez
|
0-0: Ball 1-0: Ball 2-0: Called Strike 2-1: Fly out, F9 (Flyball, 89M, EV 83.1 MPH)
|
Batting: LHB Gunnar Henderson
|
0-0: Ball 1-0: Swinging Strike 1-1: Ball 2-1: Foul Ball, location: 7LMF 2-2: Foul Ball, location: 3F 2-2: Foul Ball, location: 5F 2-2: Ball 3-2: Base on Balls Matt Olson to second
|
Batting: LHB MJ Melendez
|
0-0: Swinging Strike 0-1: Ball 1-1: Foul Ball, location: 3F 1-2: Foul Ball, location: 5F 1-2: Ball 2-2: Ball Wild Pitch! Matt Olson to third Gunnar Henderson to second 3-2: Intentional Walk
|
Pitching: RHP Kutter Crawford
|
|
Batting: RHB Nick Allen
|
0-0: Foul Ball, location: 25F 0-1: Ball 1-1: Swinging Strike 1-2: Ball 2-2: Strikes out swinging
|
Batting: LHB Jack Suwinski
|
0-0: Swinging Strike 0-1: Ball 1-1: SINGLE (Groundball, 34, EV 108.1 MPH) Matt Olson scores Gunnar Henderson to third MJ Melendez to second Runner from 3rd tries for Home, SAFE, throw by RF to home
|
Pinch Hitting: LHB Nick Gordon
|
0-0: Ball 1-0: Ball 2-0: Called Strike 2-1: Foul Ball, location: 9LMF 2-2: Ball 3-2: Strikes out looking
|
Top of the 8th over - 2 runs, 1 hit, 0 errors, 2 left on base; Chicago 4 - Houston 0 |
BOTTOM OF THE 8TH |
Houston Astros batting - Pitching for Chicago White Sox : LHP Hoby Milner
|
Pitching: RHP Chris Martin
|
|
Now in RF: Dylan Moore
|
|
Batting: RHB Thairo Estrada
|
0-0: Foul Ball, location: 2F 0-1: Fly out, F7 (Flyball, 78D, EV 97.5 MPH)
|
Batting: RHB Darin Ruf
|
0-0: Called Strike 0-1: Foul Ball, location: 2F 0-2: Ball 1-2: Ball 2-2: Foul Ball, location: 2F 2-2: Ball 3-2: Base on Balls
|
Batting: RHB Esteury Ruiz
|
0-0: Ground out U3 (Groundball, 34S, EV 66.9 MPH) Darin Ruf to second
|
Batting: LHB Daniel Vogelbach
|
0-0: Ball 1-0: Called Strike 1-1: Ground out 6-3 (Groundball, 6, EV 78.1 MPH)
|
Bottom of the 8th over - 0 runs, 0 hits, 0 errors, 1 left on base; Chicago 4 - Houston 0 |
TOP OF THE 9TH |
Chicago White Sox batting - Pitching for Houston Astros : RHP Kutter Crawford
|
Batting: RHB Bobby Witt Jr.
|
0-0: Fly out, F8 (Flyball, 8RS, EV 85.0 MPH)
|
Batting: RHB Miguel Vargas
|
0-0: Fly out, F8 (Flyball, 8RD, EV 81.9 MPH)
|
Batting: LHB Matt Olson
|
0-0: Ball 1-0: Called Strike 1-1: Foul Ball, location: 7LDF 1-2: Foul Ball, location: 2F 1-2: SOLO HOME RUN (Flyball, 8RXD, EV 103.8 MPH) (Inside the Park)
|
Batting: RHB Julio Rodriguez
|
0-0: Ground out 6-3 (Groundball, 6S, EV 76.9 MPH)
|
Top of the 9th over - 1 run, 1 hit, 0 errors, 0 left on base; Chicago 5 - Houston 0 |
BOTTOM OF THE 9TH |
Houston Astros batting - Pitching for Chicago White Sox : RHP Chris Martin
|
Batting: RHB Tim Anderson
|
0-0: Ball 1-0: Ball 2-0: Swinging Strike 2-1: Swinging Strike 2-2: Fly out, F8 (Flyball, 8LD, EV 94.4 MPH)
|
Batting: RHB Josh Harrison
|
0-0: Called Strike 0-1: Hit by Pitch
|
Batting: RHB Tyler Hill
|
0-0: Foul Ball, location: 9LMF 0-1: Ball 1-1: Ball 2-1: Called Strike 2-2: Grounds into double play, 6-4-3 (Groundball, 6S, EV 81.3 MPH)
|
Bottom of the 9th over - 0 runs, 0 hits, 0 errors, 0 left on base; Chicago 5 - Houston 0 |
|